 Dungeon Crawl Stone Soup version 0.19.4-10-g532645f (webtiles) character file.

24304 Gargoyl the Cleaver (level 13, -8/110 HPs)
             Began as a Ghoul Abyssal Knight on Feb 25, 2017.
             Was a High Priest of Lugonu.
             Mangled by Rupert
             ... wielding a +6 great mace of holy wrath
              (37 damage)
             ... on level 3 of the Lair of Beasts.
             The game lasted 00:44:37 (16813 turns).

Gargoyl the Cleaver (Ghoul Abyssal Knight)         Turns: 16813, Time: 00:44:37

Health: -8/110     AC: 24    Str: 16 (17) XL:     13   Next: 12%
Magic:  19/19      EV:  5    Int:  4 (7)  God:    Lugonu [*****.]
Gold:   526        SH: 16    Dex: 12      Spells: 0 memorised, 12 levels left

rFire  + . .     SeeInvis +     H - +1 broad axe
rCold  + . .     Gourm    .     v - +0 plate armour
rNeg   + + +     Faith    .     I - +0 shield (curse)
rPois  ∞         Spirit   .     q - +1 helmet
rElec  .         Reflect  +     y - +0 cloak
rCorr  .         Harm     .     h - +2 pair of gloves
MR     .....                    L - +1 pair of boots {run}
Stlth  ..........               f - +5 amulet of reflection
                                M - ring of see invisible
                                B - ring of protection from fire

@: rotting, quick
A: rotting body, claws 1, carnivore 3, cold resistance 1, negative energy
resistance 3, slow regeneration 1, torment resistance, unbreathing
a: Depart the Abyss, Bend Space, Banish, Corrupt, Enter the Abyss, Renounce
Religion


You were on level 3 of the Lair of Beasts.
You worshipped Lugonu.
Lugonu was extremely pleased with you.
You were not hungry.

You visited 2 branches of the dungeon, and saw 14 of its levels.
You visited the Abyss 1 time.
You also visited: Labyrinth and Ossuary.

You collected 601 gold pieces.
You spent 75 gold pieces at shops.

Inventory:

Hand Weapons
 a - a +2 hand axe of freezing
 H - a +1 broad axe (weapon)
Missiles
 g - 5 javelins (quivered)
 i - 7 tomahawks
Armour
 h - a +2 pair of gloves (worn)
 q - a +1 helmet (worn)
 v - a +0 plate armour (worn)
 y - a +0 cloak (worn)
 I - a cursed +0 shield (worn)
 L - a +1 pair of boots of running (worn)
Jewellery
 f - a +5 amulet of reflection (around neck)
 m - an uncursed amulet of regeneration
 B - a ring of protection from fire (left hand)
 M - a ring of see invisible (right hand)
Wands
 s - a wand of digging (15/24)
 N - a wand of teleportation (5/9)
Scrolls
 b - 5 scrolls of teleportation
 d - a scroll of immolation {unknown}
 k - 3 scrolls of recharging
 u - 5 scrolls of fear
 C - a scroll of blinking
 F - 5 scrolls of remove curse
 W - 5 scrolls of identify
 Y - a scroll of magic mapping
Potions
 e - 5 potions of haste
 o - a potion of brilliance
 p - 3 potions of cancellation
 w - 8 potions of heal wounds
 x - a potion of flight
Comestibles
 c - 10 meat rations


   Skills:
 + Level 8.8 Fighting
 + Level 10.4 Axes
 + Level 1.2 Throwing
 * Level 10.1 Armour
 + Level 3.1 Dodging
 + Level 8.6 Shields
 * Level 10.1 Invocations


You had 12 spell levels left.
You didn't know any spells.

Dungeon Overview and Level Annotations

Branches:
Dungeon (11/15)            Temple (0/1) D:7            Lair (3/6) D:11
 Shoals (0/4) Lair:2       Spider (0/4) Lair:3          Orc (0/2) D:11

Altars:
Cheibriados
Elyvilon
Fedhas
Gozag
Kikubaaqudgha
Nemelex Xobeh
Okawaru
Qazlal
Ru
Sif Muna

Shops:
D:11 *

Annotations:
Lair:3 Rupert
Abyss:1 Psyche, Sonja, Urug


Innate Abilities, Weirdness & Mutations

Your body is rotting away.
You thrive on raw meat.
You are immune to poison.
You have sharp fingernails.
You are carnivorous and can eat meat at any time.
Your flesh is cold resistant. (rC+)
You are immune to negative energy. (rN+++)
You regenerate slowly when monsters are visible.
You are immune to unholy pain and torment.
You can survive without breathing.


Message History

A wyvern comes into view.
The wyvern hisses angrily.
You slash Rupert!
Rupert is lightly wounded.
Rupert roars madly and goes into a rage!
Rupert goes berserk!
You're too confused!
There isn't anything here!
Okay, then.
You're too confused!
Rupert hits you with a great mace of holy wrath!!
You convulse!
The wyvern hisses menacingly.
You feel less confused.
Rupert hits you with a great mace of holy wrath!!
You convulse!!
* * * LOW HITPOINT WARNING * * *
You feel much better.
Rupert hits you with a great mace of holy wrath!!!
You die...

*,*,,*,*,,*##...
####...#.,****#.≈≈≈
#.......,**,*,####≈
##......##,..#.## #≈
*****####........##..#.≈###≈
*,,.##PP#....$.(.......≈≈≈≈≈
**,,....................≈≈≈≈≈
*,,,.............(.......>...
*,,***#...l.@..........######
***,*#.#.....@...P......#
*,,,,..........^.P......#
*,,,,............P......#
*,,,,...................# ####
*,,,,...................###P.#
**,,,,.........................
*,,,,,.......#.................
**,,,,..........♣♣♣♣....♣♣♣♣♣..


You could see Rupert (berserk) and a wyvern.

Vanquished Creatures
  A minotaur (Lab)
  A sea snake (Lair:2)
  Pikel (D:8)
  2 hill giants
  The ghost of Dezal the Thaumaturge, a novice DECj of Vehumet (D:7)
  A cyclops (D:11)
  The ghost of MirrMurr the Covert, a novice SpEn of Dithmenos (D:8)
  A manticore (Lair:2)
  3 spiny frogs
  7 komodo dragons
  A polar bear (Lair:2)
  A troll (D:11)
  A queen bee (D:9)
  Prince Ribbit (D:6)
  4 blink frogs
  4 hippogriffs
  2 redbacks (Lab)
  A vampire (D:11)
  Sigmund (D:2)
  Eustachio (D:4)
  3 humans
  12 yaks
  A basilisk (Lair:2)
  Menkaure (D:4)
  3 water moccasins
  2 black bears
  3 orc warriors
  9 porcupines
  3 sky beasts
  3 ice beasts
  2 phantoms
  A necrophage (D:9)
  6 ogres
  A centaur (D:10)
  3 wolves
  5 crocodiles
  4 elf zombies (Ossuary)
  4 big kobolds
  8 bullfrogs
  2 wyvern skeletons
  4 scorpions
  23 killer bees
  5 howler monkeys
  3 crimson imps
  2 bullfrog zombies
  A centaur zombie (Ossuary)
  Crazy Yiuf (D:3)
  10 hounds
  A quasit (D:8)
  A jelly (D:10)
  2 bullfrog skeletons
  4 orc priests
  5 centaur skeletons
  Ijyb (D:7)
  2 orc wizards (D:7)
  Jessica (D:3)
  7 iguanas
  4 worker ants
  A killer bee zombie (D:9)
  A big kobold zombie (Ossuary)
  2 mummies (Ossuary)
  Robin (D:3)
  3 gnolls (D:3)
  9 adders
  2 shadow imps
  An ooze (D:1)
  2 adder zombies (Ossuary)
  4 worms
  A dart slug (D:2)
  2 leopard geckos
  11 orcs
  3 giant cockroaches
  11 goblins
  13 hobgoblins
  22 jackals
  6 quokkas
  4 ball pythons
  3 bats
  7 frilled lizards
  3 goblin zombies (Ossuary)
  8 hobgoblin zombies (Ossuary)
  A jackal zombie (Ossuary)
  42 kobolds
  8 kobold zombies (Ossuary)
  8 orc zombies (Ossuary)
  A quokka skeleton (D:5)
  7 rats
  A rat zombie (Ossuary)
  3 fungi
  2 plants (Lab)
382 creatures vanquished.

Vanquished Creatures (others)
  4 hydras
  An ugly thing (D:11)
  An orc (D:8)
  3 fungi
  A plant (D:8)
10 creatures vanquished.

Grand Total: 392 creatures vanquished

Notes
Turn   | Place    | Note
-------+----------+-------------------------------------------
     0 | Abyss:1  | Gargoyl the Ghoul Abyssal Knight began the quest for the Orb.
     0 | Abyss:1  | Reached XP level 1. HP: 19/19 MP: 1/1
    78 | Abyss:1  | Noticed a blink frog
   201 | Abyss:3  | Noticed a spatial maelstrom
   242 | Abyss:3  | Noticed a ynoxinul
   242 | D:1      | Escaped the Abyss
   355 | D:1      | Reached XP level 2. HP: 19/26 MP: 2/2
   446 | D:1      | Reached * piety under Lugonu
   451 | D:1      | Reached skill level 1 in Dodging
   851 | D:1      | Reached XP level 3. HP: 28/33 MP: 3/3
   993 | D:2      | Noticed Sigmund
  1446 | D:3      | Noticed Robin
  1456 | D:3      | Reached XP level 4. HP: 21/40 MP: 4/4
  1460 | D:3      | Reached ** piety under Lugonu
  1464 | D:3      | Killed Robin
  1543 | D:3      | Noticed Jessica
  1559 | D:3      | Killed Jessica
  1915 | D:3      | Reached XP level 5. HP: 46/46 MP: 5/5
  2288 | D:2      | Killed Sigmund
  2288 | D:2      | Reached XP level 6. HP: 42/53 MP: 7/7
  2401 | D:2      | Found a sacrificial altar of Ru.
  2454 | D:2      | Found a stormy altar of Qazlal.
  2592 | D:2      | Found an ancient bone altar of Kikubaaqudgha.
  2702 | D:3      | Found a runed door.
  2706 | D:3      | Noticed Crazy Yiuf
  2712 | D:3      | Killed Crazy Yiuf
  2745 | D:4      | Noticed Menkaure
  2755 | D:4      | Killed Menkaure
  2755 | D:4      | Reached XP level 7. HP: 22/60 MP: 8/8
  2831 | D:4      | Found a sand-covered staircase.
  2836 | Ossuary  | Entered an ossuary
  2910 | Ossuary  | Reached *** piety under Lugonu
  3059 | Ossuary  | Reached skill level 5 in Fighting
  3308 | Ossuary  | Reached skill level 5 in Axes
  3339 | Ossuary  | Reached XP level 8. HP: 29/67 MP: 10/10
  3632 | D:4      | Found a white marble altar of Elyvilon.
  3632 | D:4      | Found a blossoming altar of Fedhas.
  3632 | D:4      | Found a deep blue altar of Sif Muna.
  3724 | D:4      | Found an iron altar of Okawaru.
  3998 | D:5      | Entered Level 5 of the Dungeon
  3998 | D:5      | Noticed Eustachio
  4027 | D:4      | Killed Eustachio
  4053 | D:5      | Reached skill level 5 in Armour
  4272 | D:5      | Found an opulent altar of Gozag.
  4527 | D:5      | Reached **** piety under Lugonu
  4801 | D:6      | Reached skill level 5 in Invocations
  4852 | D:6      | Reached XP level 9. HP: 58/75 MP: 11/11
  5304 | D:6      | Noticed Prince Ribbit
  5325 | D:6      | Killed Prince Ribbit
  5325 | D:6      | Reached skill level 1 in Shields
  5460 | D:7      | Found a runed door.
  5463 | D:7      | Found a runed door.
  5538 | D:7      | Noticed Dezal's ghost (novice DECj)
  5643 | D:7      | Killed Dezal's ghost
  5937 | D:7      | Found a runed door.
  6497 | D:7      | Noticed Ijyb
  6548 | D:7      | Reached XP level 10. HP: 55/84 MP: 13/13
  6842 | D:7      | Killed Ijyb
  6909 | D:7      | Identified a +1 pair of boots of running (You found it on level 7 of the Dungeon)
  6943 | D:7      | Found a runed door.
  7067 | D:8      | Noticed MirrMurr's ghost (novice SpEn)
  7151 | D:8      | Killed MirrMurr's ghost
  7320 | D:8      | Noticed Pikel
  7353 | D:8      | Killed Pikel
  7573 | D:7      | Found a staircase to the Ecumenical Temple.
  7614 | D:8      | Noticed Psyche
  7631 | D:8      | Banished Psyche
  8118 | D:8      | Reached ***** piety under Lugonu
  8222 | D:8      | Got a jewelled scale mail
  8233 | D:8      | Identified the +3 scale mail of Calculation {rC+ Str+5} (You found it on level 8 of the Dungeon)
  8626 | D:9      | Reached XP level 11. HP: 61/91 MP: 15/15
  9063 | D:9      | Reached skill level 5 in Shields
  9592 | D:9      | Noticed a hill giant
  9609 | D:9      | Killed a hill giant
  9802 | D:9      | Found a sparkling altar of Nemelex Xobeh.
  9803 | D:9      | Found a snail-covered altar of Cheibriados.
 10044 | D:10     | Entered Level 10 of the Dungeon
 11213 | D:11     | Noticed Urug
 11213 | D:11     | Noticed a hill giant
 11222 | D:10     | Banished a hill giant
 11428 | D:11     | Banished Urug
 12157 | D:11     | Noticed a cyclops
 12177 | D:11     | Killed a cyclops
 12177 | D:11     | Reached skill level 1 in Throwing
 12405 | D:11     | Noticed a cyan ugly thing
 12408 | D:11     | Noticed a hill giant
 12410 | D:11     | Banished a cyan ugly thing
 12425 | D:11     | Killed a hill giant
 12493 | D:11     | Reached XP level 12. HP: 101/101 MP: 17/17
 12534 | D:11     | Found Omyny's General Store.
 12598 | D:11     | Bought a potion of heal wounds for 75 gold pieces
 12795 | D:11     | Found a staircase to the Orcish Mines.
 12884 | D:11     | Found a staircase to the Lair.
 12939 | Lair:1   | Entered Level 1 of the Lair of Beasts
 12963 | Lair:1   | Noticed an eight-headed hydra
 12965 | Lair:1   | Banished an eight-headed hydra
 13218 | Lair:1   | Noticed a four-headed hydra
 13220 | Lair:1   | Banished a four-headed hydra
 13729 | Lair:1   | Noticed a four-headed hydra
 13730 | Lair:1   | Banished a four-headed hydra
 14121 | Lair:2   | Found a staircase to the Shoals.
 14275 | Lair:2   | Noticed a six-headed hydra
 14276 | Lair:2   | Banished a six-headed hydra
 14276 | Lair:2   | Reached skill level 10 in Axes
 14307 | Lair:2   | Noticed a six-headed hydra
 14313 | Lair:2   | Banished a six-headed hydra
 14897 | Lair:2   | Noticed a seven-headed hydra
 14898 | Lair:2   | Banished a seven-headed hydra
 14900 | Lair:2   | Noticed Sonja
 14920 | Lair:2   | Banished Sonja
 15361 | Lair:2   | Reached skill level 10 in Armour
 15362 | Lair:2   | Noticed a four-headed hydra
 15365 | Lair:2   | Banished a four-headed hydra
 15365 | Lair:2   | Reached XP level 13. HP: 96/108 MP: 19/19
 15521 | Lair:2   | Reached skill level 10 in Invocations
 15655 | Lair:3   | Found a labyrinth entrance.
 15661 | Lab      | Entered a labyrinth
 16536 | Lab      | Noticed a minotaur
 16549 | Lab      | Killed a minotaur
 16794 | Lair:3   | Noticed Rupert
 16812 | Lair:3   | HP: 2/110 [Rupert/great mace of holy wrath (34)]
 16813 | Lair:3   | Mangled by Rupert

Skill      XL: |  1  2  3  4  5  6  7  8  9 10 11 12 13 |
---------------+----------------------------------------+-----
Armour         | 2 3 4 5 6 7 8 10 | 10.1
Dodging        | 1 2 3 |  3.1
Axes           | 2 3 4 5 6 7 8 9 10 | 10.4
Fighting       | 4 5 6 7 8 |  8.8
Invocations    | 3 4 5 6 7 8 9 10 | 10.1
Shields        | 2 4 6 8 |  8.6
Throwing       | 1 |  1.2

Action                   |  1- 3 |  4- 6 |  7- 9 | 10-12 | 13-15 || total
-------------------------+-------+-------+-------+-------+-------++-------
Melee: Hand axe          |   102 |   126 |   613 |  1208 |       ||  2049
       Broad axe         |       |       |       |   269 |    79 ||   348
Throw: Javelin           |     2 |       |     7 |    11 |     2 ||    22
Invok: Depart the Abyss  |     1 |       |       |       |       ||     1
       Banish            |       |       |       |    12 |     1 ||    13
       Bend Space        |       |       |       |     3 |       ||     3
  Use: Scroll            |     5 |     6 |    11 |     6 |     4 ||    32
       Potion            |       |       |     2 |     1 |     9 ||    12
  Eat: Chunk             |    16 |    18 |    35 |   102 |     4 ||   175
Armor: Leather armour    |    49 |    15 |       |       |       ||    64
       Plate armour      |       |    27 |   362 |   866 |    32 ||  1287
Dodge: Dodged            |    70 |    48 |    93 |   211 |    11 ||   433
Block: Other             |    29 |    29 |    78 |       |       ||   136
       Reflection        |     1 |     1 |       |    18 |       ||    20
       Shield            |       |       |   133 |  1220 |    50 ||  1403
